Map: Oxide LE

Players

ibeendrinkin

  • Race: Zerg Zerg
  • League: Silver

Mohamed - Winner!

  • Race: Protoss Protoss
  • League: Gold

VOD

Have the link to the VOD?

Description

Time

  • Played on: May 2, 2021, 1:06 a.m.
  • Length: 8:58
Show
View Real Time Build Order
Export as new Build Order

ibeendrinkin Zerg 

Build Orders: Hatch First 

Get SALT Encoding   

  12  0:00  Drone  
  13  0:14  Overlord  
  13  0:17  Drone  
  14  0:33  Drone x2  
  16  0:52  Hatchery  
  16  0:54  Drone  
  16  0:58  Drone  
  16  1:02  Drone  
  18  1:10  Extractor  
  17  1:11  Drone  
  18  1:23  Spawning Pool  
  16  1:36  Drone x2  
  18  1:43  Drone  
  19  1:55  Drone  
  20  2:10  Queen  
  20  2:11  Queen  
  20  2:14  Zergling x4  
  25  2:34  Spine Crawler  
  25  2:35  Spine Crawler  
  21  3:05  Extractor  
  20  3:27  Drone x2  
  22  3:39  Overlord x2  
  22  4:05  Drone x2  
  22  4:06  Drone x3  
  27  4:18  Drone x2  
  29  4:35  Drone  
  30  4:59  Evolution Chamber  
  29  5:05  Metabolic Boost  
  29  5:07  Roach Warren  
  29  5:10  Lair  
  28  5:15  Drone  
  28  5:16  Drone  
  31  5:21  Drone x3  
  31  5:22  Drone x2  
  35  5:52  Spine Crawler  
  35  5:54  Spine Crawler  
  35  5:56  Spine Crawler  
  32  6:06  Hatchery  
  32  6:10  Zerg Missile Weapons Level 1  
  31  6:13  Roach  
  31  6:14  Roach  
  35  6:23  Drone  
  35  6:24  Drone x2  
  38  6:51  Overlord  
  38  6:52  Overlord x2  
  38  7:07  Hydralisk Den  
  37  7:09  Queen  
  39  7:32  Hatchery  
  38  7:37  Spine Crawler  
  38  7:42  Spine Crawler  
  36  7:44  Roach x2  
  36  7:45  Roach x2  
  42  8:30  Ravager x2  
  42  8:33  Hydralisk x3  
  42  8:34  Hydralisk x3  
  52  8:45  Spore Crawler x2  
Show
View Real Time Build Order
Export as new Build Order

Mohamed Protoss - Winner!

Build Orders:  

Get SALT Encoding   

  12  0:00  Probe (Chrono Boost)  
  13  0:10  Probe (Chrono Boost)  
  14  0:15  Probe  
  15  0:25  Pylon  
  15  0:48  Forge  
  15  0:59  Gateway  
  15  1:08  Gateway  
  15  1:12  Gateway  
  15  1:32  Assimilator  
  15  1:34  Pylon  
  15  1:46  Assimilator  
  15  1:57  Photon Cannon  
  15  2:02  Photon Cannon  
  15  2:08  Photon Cannon  
  15  2:22  Probe (Chrono Boost)  
  16  2:24  Cybernetics Core  
  16  2:55  Nexus  
  16  2:59  Probe  
  17  3:10  Shield Battery  
  17  3:18  Pylon  
  17  3:29  Probe (Chrono Boost)  
  18  3:39  Probe (Chrono Boost)  
  18  3:41  Pylon  
  19  3:43  Probe (Chrono Boost)  
  20  3:52  Photon Cannon  
  20  4:08  Probe (Chrono Boost)  
  20  4:09  Warp Gate (Chrono Boost)  
  23  4:18  Probe (Chrono Boost)  
  23  4:19  Probe (Chrono Boost)  
  23  4:28  Probe  
  24  4:40  Probe  
  24  4:41  Stargate  
  24  4:43  Probe (Chrono Boost)  
  26  4:52  Probe (Chrono Boost)  
  27  4:58  Assimilator  
  28  5:00  Probe (Chrono Boost), Assimilator  
  28  5:02  Probe (Chrono Boost)  
  28  5:06  Probe  
  30  5:08  Probe  
  31  5:17  Stargate  
  31  5:20  Probe (Chrono Boost)  
  33  5:23  Probe (Chrono Boost)  
  33  5:32  Probe (Chrono Boost)  
  33  5:33  Pylon  
  33  5:35  Probe (Chrono Boost), Void Ray  
  35  5:37  Probe (Chrono Boost)  
  40  5:49  Probe  
  41  5:50  Probe  
  41  5:55  Void Ray  
  42  6:03  Probe  
  47  6:04  Probe  
  48  6:12  Void Ray  
  48  6:15  Probe  
  48  6:16  Probe  
  54  6:32  Void Ray  
  54  6:34  Protoss Air Weapons Level 1 (Chrono Boost), Probe  
  54  6:37  Probe  
  60  6:47  Pylon  
  60  7:05  Pylon  
  60  7:10  Photon Cannon  
  60  7:16  Photon Cannon  
  60  7:22  Void Ray x2  
  68  7:36  Nexus  
  68  7:40  Assimilator  
  68  7:45  Assimilator  
  68  7:47  Pylon  
  68  7:50  Pylon, Void Ray x2  
Tags
 
Add a new tag
Caveats
  • Supply blocks, unpowered buildings, or Contaminate may cause inaccurate times.
  • Supply counts are checked every 10 seconds.